 Dungeon Crawl Stone Soup version 0.19-a0-1025-g778f431 (webtiles) character file.

1355 4thArraOfDagon the Cleaver (level 8, -13/96 HPs)
             Began as a Minotaur Berserker on July 28, 2016.
             Was a Believer of Trog.
             Mangled by an orc warrior
             ... wielding a +0 halberd
              (19 damage)
             ... on level 10 of the Dungeon.
             The game lasted 00:05:12 (979 turns).

4thArraOfDagon the Cleaver (Minotaur Berserker)      Turns: 979, Time: 00:05:13

Health: -13/96     AC: 11    Str: 28    XL:     8   Next: 37%
Magic:  7/7        EV:  9    Int:  4    God:    Trog [**....]
Gold:   105        SH:  0    Dex: 11    Spells: 0 memorised, 7 levels left

rFire  . . .     SeeInvis .     g - +0 hand axe (freeze)
rCold  . . .     Gourm    .     h - +0 chain mail
rNeg   . . .     Faith    .     (no shield)
rPois  .         Spirit   .     (helmet restricted)
rElec  .         Dismiss  .     (no cloak)
rCorr  .         Reflect  .     (no gloves)
SustAt .         Harm     .     (no boots)
MR     .....                    e - amulet of rage (curse)
Stlth  ..........               (no ring)
                                (no ring)

@: berserking, very quick, not resistant to hostile enchantments, extremely
unstealthy
A: retaliatory headbutt, horns 2
a: Berserk, Trog's Hand, Burn Spellbooks, Renounce Religion, Evoke Berserk Rage


You were on level 10 of the Dungeon.
You worshipped Trog.
Trog was pleased with you.
You were hungry.

You visited 1 branch of the dungeon, and saw 8 of its levels.

You collected 105 gold pieces.

Inventory:

Hand Weapons
 a - a +0 hand axe
 f - a +0 war axe
 g - a +0 hand axe of freezing (weapon)
Armour
 b - a +0 animal skin
 h - a +0 chain mail (worn)
Jewellery
 e - a cursed amulet of rage (around neck)
Wands
 i - a wand of lightning (7/15)
Potions
 c - a potion of magic
Comestibles
 k - a chunk of flesh


   Skills:
 - Level 3.6 Fighting
 + Level 9.3 Axes
 + Level 9.2 Armour
 - Level 2.1 Dodging


You had 7 spell levels left.
You didn't know any spells.

Dungeon Overview and Level Annotations

Branches:
Dungeon (7/15)
 Temple: D:4-7

Altars:
Ashenzari


Innate Abilities, Weirdness & Mutations

You reflexively headbutt those who attack you in melee.
You have a pair of horns on your head.


Message History

Your life force feels restored.
You feel a bit more experienced.
You slash the worker ant zombie!
The phantom blinks!
Unknown command.
The orc warrior hits you with a halberd!
* * * LOW HITPOINT WARNING * * *
The orc barely misses you. The phantom hits you.
* * * LOW HITPOINT WARNING * * *
Things that are here:
a scimitar; a robe Unknown command.
You closely miss the orc warrior.
You headbutt the orc warrior, but do no damage.
You hit the phantom. You hit the worker ant zombie.
You destroy the worker ant zombie!
You slash the orc! You freeze the orc.
You kill the orc!
Trog accepts your kill.
The orc warrior hits you with a halberd!!
You die...

#........########
#........# . #.<......#
..########........#######
.........................
.........................
.........................
?......))))..............
........[@o..............
........W................
...........ยง.............
.........................
..####..####.............
. #..# #............. #..#
#............. #..#
#.............


You could see a phantom and an orc warrior.

Vanquished Creatures
  A hill giant (D:10)
  Eustachio (D:6)
  A black bear (D:6)
  A sky beast (D:7)
  A big kobold (D:5)
  Blork the orc (D:5)
  A giant frog (D:6)
  4 wights (D:10)
  A giant frog zombie (D:10)
  2 jellies
  An orc wizard (D:10)
  A killer bee zombie (D:4)
  A hound zombie (D:5)
  A worker ant zombie (D:10)
  5 adders
  A howler monkey skeleton (D:6)
  2 giant geckos
  6 orcs
  3 giant cockroaches
  3 hobgoblins
  8 kobolds
  A giant gecko skeleton (D:5)
  A giant newt (D:4)
  A goblin (D:1)
  2 rats (D:1)
51 creatures vanquished.

Notes
Turn   | Place    | Note
-------+----------+-------------------------------------------
     0 | D:1      | 4thArraOfDagon the Minotaur Berserker began the quest for the Orb.
     0 | D:1      | Reached XP level 1. HP: 19/19 MP: 0/0
   199 | D:2      | Found a shattered altar of Ashenzari.
   241 | D:3      | Reached XP level 2. HP: 26/26 MP: 1/1
   249 | D:3      | Reached XP level 3. HP: 31/31 MP: 2/2
   343 | D:4      | Noticed a scorpion
   353 | D:5      | Entered Level 5 of the Dungeon
   416 | D:5      | Noticed Blork the orc
   427 | D:5      | Killed Blork the orc
   427 | D:5      | Reached skill level 5 in Axes
   427 | D:5      | Reached XP level 4. HP: 39/39 MP: 3/3
   476 | D:5      | Reached skill level 5 in Armour
   476 | D:5      | Reached XP level 5. HP: 44/45 MP: 4/4
   485 | D:5      | Reached ** piety under Trog
   649 | D:6      | Noticed a black bear
   650 | D:6      | Reached XP level 6. HP: 45/51 MP: 5/5
   709 | D:6      | Paralysed by fainting for 10 turns
   720 | D:6      | Paralysed by fainting for 5 turns
   767 | D:6      | Noticed Eustachio
   788 | D:6      | Killed Eustachio
   788 | D:6      | Reached XP level 7. HP: 23/57 MP: 6/6
   912 | D:7      | You fall through a shaft for 3 floors!
   912 | D:10     | Entered Level 10 of the Dungeon
   912 | D:10     | Noticed a hill giant
   918 | D:10     | Killed a hill giant
   918 | D:10     | Reached XP level 8. HP: 39/64 MP: 7/7
   979 | D:10     | Mangled by an orc warrior

Vault maps used:
D:1:      lightli_arrival_windingriver
D:2:      old_standard_altar, nicolae_overflow_crystal_walls, ashenzari_altar_1,
          nemelex_xobeh_ov_fountains_minmay
D:3:      fedhas_altar_4, zin_statuary, lemuel_round_altar, portal_sewer_entry_c
D:4:      lemuel_round_altar, first_bread
D:5:      lemuel_coloured_pillars_altar, uniq_blork_the_orc
D:6:      overflow_temple_1_default, kennysheep_little_box, uniq_eustachio

Skill      XL: |  1  2  3  4  5  6  7  8 |
---------------+-------------------------+-----
Axes           | 4 5 6 7 8 9 |  9.3
Armour         | 3 4 5 7 8 9 |  9.2
Fighting       | |  3.6
Dodging        | |  2.1

Action                   |  1- 3 |  4- 6 |  7- 9 || total
-------------------------+-------+-------+-------++-------
Melee: Hand axe          |    34 |    52 |    31 ||   117
       Headbutt          |     5 |     9 |     9 ||    23
Invok: Berserk           |     3 |     2 |     3 ||     8
       Trog's Hand       |       |     1 |     2 ||     3
  Use: Potion            |       |     3 |       ||     3
       Scroll            |       |     1 |     2 ||     3
  Eat: Bread ration      |       |     1 |       ||     1
       Chunk             |       |       |     4 ||     4
Armor: Animal skin       |     1 |       |       ||     1
       Chain mail        |     4 |    55 |    25 ||    84
Dodge: Dodged            |    21 |    26 |    16 ||    63
